 Dungeon Crawl Stone Soup version 0.31-a0-981-geadf994542 (webtiles) character file.

Game seed: 2174172830443507750

24644 AIAndy the Mimic (level 13, -2/123 HPs)
             Began as an Octopode Shapeshifter on Nov 1, 2023.
             Was a High Priest of Jiyva.
             Slain by a three-headed hydra simulacrum (20 damage)
             ... in an ice cave.
             The game lasted 00:44:11 (8547 turns).

AIAndy the Mimic (Octopode Shapeshifter)            Turns: 8547, Time: 00:44:12

Health: -2/123     AC:  1    Str: 15    XL:     13   Next: 14%
Magic:  13/13      EV: 15    Int: 21    God:    Jiyva [*****.]
Gold:   237        SH:  0    Dex: 10    Spells: 12/12 levels left

rFire   . .          .
                       - Unarmed
rCold   . . .        (no shield)
rNeg    . . .        (helmet restricted)
rPois   .            (no amulet)
rElec   +            B - ring of willpower
rCorr   +            (no ring)
SInv    .            (no ring)
Will    ++...        (no ring)
Stlth   ++           (no ring)
HPRegen 1.84/turn    (no ring)
MPRegen 0.58/turn    (no ring)
                     (no ring)

%: no passive effects
@: maw-form, slowed, very slow
A: devouring maw, almost no armour, amphibious, 8 rings, camouflage 1,
gelatinous body 1, (nimble swimmer 1), tentacles, clever 2, strong-willed 1,
robust 3, electricity resistance, acidic bite, tendrils
a: Begin Untransformation, Renounce Religion, Oozemancy, Slimify


You were in an ice cave.
You worshipped Jiyva.
Jiyva was extremely pleased with you.
You were a creature with a mouth for a stomach.
You visited 2 branches of the dungeon, and saw 12 of its levels.
You also visited: Sewer, Bailey and Ice Cave.

You collected 363 gold pieces.
You spent 126 gold pieces at shops.


Innate Abilities, Weirdness & Mutations

You are a creature with a mouth for a stomach.
Your midsection houses a second, enormous mouth.
You cannot wear most types of armour.
You are amphibious.
You can wear up to eight rings at the same time.
Your skin changes colour to match your surroundings (Stealth+).
Your rubbery body absorbs attacks. (AC +1, EV +1)
((You are camouflaged when in or above water. (Stealth+)))
You have tentacles for arms and can constrict up to eight enemies at once.
Your mind is very acute. (Int +8, Str/Dex -2)
You are strong-willed. (Will+)
You are extremely robust. (+30% HP)
You are resistant to electric shocks. (rElec)
You have acidic saliva.
You are covered in slimy tendrils that may disarm your opponents.


   Skills:
 + Level 11.1 Fighting
 + Level 7.7 Dodging
 + Level 11.8 Unarmed Combat
 - Level 3.0 Evocations
 + Level 12.4 Shapeshifting


You had 12 spell levels left.
You didn't know any spells.
Your spell library contained the following spells:

 Spells                   Type           Power      Damage    Failure   Level
 Slow                     Hex            0%         N/A       19%         1
 Cigotuvi's Dreadful Rot  Necr/Pois/Air  0%         N/A       26%         2
 Confusing Touch          Hex            0%         N/A       47%         3
 Ignite Poison            Fire/Tmut/Pois 0%         N/A       47%         3
 Sigil of Binding         Hex            0%         N/A       47%         3
 Vampiric Draining        Necr           0%         2d6       47%         3
 Freezing Cloud           Conj/Ice/Air   0%         6-21      99%         5

Inventory:

Hand Weapons
 r - a +2 dagger of venom
 v - a +4 trident of draining
 x - a +2 dagger of electrocution
Missiles
 s - a curare-tipped dart {=f}
Armour
 q - a +1 kite shield
Magical Staves
 e - a staff of conjuration {!a}
Jewellery
 B - a ring of willpower (left tentacle)
 F - a ring of fire
Talismans
 b - a beast talisman
 c - a flux talisman
 i - a maw talisman (active)
Wands
 o - a wand of paralysis (10)
 D - a wand of iceblast (6)
Scrolls
 d - 3 scrolls of teleportation {@r4}
 f - a scroll of enchant weapon
 k - a scroll of fog
 l - 2 scrolls of poison {!r}
 y - a scroll of fear
Potions
 a - 2 potions of lignification {!q}
 g - a potion of ambrosia {unknown}
 h - 4 potions of haste {@q3}
 n - a potion of might {unknown}
 p - 5 potions of enlightenment
Miscellaneous
 C - a lightning rod (4/4)

Dungeon Overview and Level Annotations

Branches:
Dungeon (11/15)            Temple (0/1) D:5            Lair (1/5) D:9
  Sewer (visited)          Bailey (visited)           IceCv (1/1)
    Orc: D:9-12

Altars:
Cheibriados
Elyvilon
Kikubaaqudgha
Trog
Uskayaw
Vehumet
Zin
Jiyva

Shops:
D:2 *:(!   D:8 ?   D:11 :

Annotations:
D:11 Josephine
Lair:1 exclusion: oklob plant

... ....
#..# #...#
#...# ##...#
#W..# ##WZ#
#..######
##J###...##
#..##.....##
#..#...#...#
#....####..#
#...## #..##
##.## ##..##
### #...##


You could see a freezing wraith, a three-headed hydra simulacrum (ally target)
and a friendly quicksilver ooze (summoned).


Message History

* * * LOW HITPOINT WARNING * * *
The polar bear simulacrum freezes you!
* * * LOW HITPOINT WARNING * * *
The polar bear simulacrum completely misses you.
You tentacle-slap the polar bear simulacrum.
You bite the polar bear simulacrum.
The polar bear simulacrum vaporises!
You tentacle-slap the naga simulacrum.
The naga simulacrum is moderately damaged.
You tentacle-slap the naga simulacrum. You squeeze the naga simulacrum!
You bite the naga simulacrum.
The naga simulacrum vaporises!
You start resting.
HP restored.
A freezing wraith and a three-headed hydra simulacrum come into view.
The freezing wraith hits you. The freezing wraith freezes you!
The freezing wraith closely misses you.
You barely miss the freezing wraith.
Your tentacle-slap misses the freezing wraith.
The freezing wraith hits you! The freezing wraith freezes you!
The freezing wraith hits you. The freezing wraith drains your vigour!
You feel yourself slow down.
The three-headed hydra simulacrum bites you!
The three-headed hydra simulacrum freezes you!!
* * * LOW HITPOINT WARNING * * *
You shudder from the blow and a jelly pops out!
The three-headed hydra simulacrum bites you!
* * * LOW HITPOINT WARNING * * *
The three-headed hydra simulacrum freezes you!!
You die...

Skill      XL: |  1  2  3  4  5  6  7  8  9 10 11 12 13 |
---------------+----------------------------------------+-----
Shapeshifting  | 4 5 7 8 10 11 12 | 12.4
Unarmed Combat | 6 9 10 11 | 11.8
Fighting       | 5 8 9 10 11 | 11.1
Dodging        | 5 7 |  7.7
Evocations     | 3 |  3.0

Action                     |  1- 3 |  4- 6 |  7- 9 | 10-12 | 13-15 || total
---------------------------+-------+-------+-------+-------+-------++-------
  Melee: Unarmed           |    76 |   107 |   159 |   376 |    56 ||   774
         Constrict         |    23 |    28 |    42 |    70 |     8 ||   171
         Tentacles         |    19 |    26 |    44 |   104 |    16 ||   209
         Punch             |     4 |     5 |     4 |    27 |     5 ||    45
         Bite              |       |     4 |    30 |    54 |     8 ||    96
         Maw               |       |       |    65 |   156 |    22 ||   243
 Invoke: Oozemancy         |       |       |     1 |    12 |       ||    13
  Evoke: Wand              |       |       |     1 |       |       ||     1
    Use: Scroll            |       |       |       |     7 |     3 ||    10
         Potion            |       |       |       |     2 |       ||     2
   Stab: Sleeping          |     2 |     7 |     3 |     4 |       ||    16
         Paralysed         |       |       |     2 |       |       ||     2
 Armour: Skin              |    18 |    23 |   100 |   206 |    36 ||   383
  Dodge: Dodged            |    36 |    57 |   122 |   199 |    66 ||   480
   Form: Maw               |       |       |     1 |       |       ||     1

Levels and vault maps discovered:
D:1:      doesnt_arrival_eight_statues, layout_loops_ring,
          shapermc_ecumenical_altar_petra
D:2:      layout_loops_cross, serial_shops, nicolae_shop_mannequins, shop,
          nicolae_shop_tiny_waterfront, nicolae_lakefront_shop
D:3:      layout_basic, mainiacjoe_overflow_cross_hatched, skrybe_limestone_x
D:4:      layout_cave_pools, portal_sewer_entry_f, hex_large, uniq_grinder
D:5:      minmay_angry_zag, layout_gridville, lemuel_doored_altar,
          minmay_temple_entry_mini_moons
D:6:      layout_gridville, nicolae_overflow_quartered_altars, uniq_maggie,
          uniq_pikel, uniq_blork_the_orc
D:7:      layout_rooms
D:8:      minmay_ornate_pinched, layout_layer_cave, serial_shops,
          nicolae_shop_stone
D:9:      layout_rooms, minmay_lair_entry_grove, enter_bailey_3,
          ebering_dispersal_statue_hall, uniq_jeremiah
D:10:     layout_basic, mainiacjoe_overflow_brackets, minmay_crystal_room,
          fungi_pond_lemuel, st_stairs_7, uniq_nergalle
D:11:     layout_basic, nicolae_shop_i_like_big_books,
          dreamdust_princess_bridge, uniq_josephine, uniq_amaemon
Lair:1:   layout_small_grid, portal_ice_cave_rime, minivault_24,
          grunt_megastairs_2, lemuel_fruit_tree, uniq_urug, uniq_prince_ribbit2
IceCv:    ice_cave_small_necro

Notes
Turn   | Place    | Note
-------+----------+-------------------------------------------
     0 | D:1      | AIAndy the Octopode Shapeshifter began the quest for the
                  | Orb.
     0 | D:1      | Reached XP level 1. HP: 13/13 MP: 1/1
   156 | D:1      | Reached XP level 2. HP: 11/18 MP: 2/2
   417 | D:1      | Reached XP level 3. HP: 19/23 MP: 3/3
   809 | D:1      | Found a faded altar of an unknown god.
   814 | D:1      | Prayed at the altar of an unknown god.
   814 | D:1      | Became a worshipper of Jiyva Jiviarum the Shapeless
   814 | D:1      | Reached * piety under Jiyva
   924 | D:2      | Found Medoigri's Distillery.
   946 | D:2      | Found Tojotec's Book Emporium.
   946 | D:2      | Noticed a walking frostbound tome
   948 | D:2      | Noticed a walking frostbound tome
   970 | D:2      | Found Bagupniu's General Store.
  1106 | D:2      | Reached ** piety under Jiyva
  1247 | D:2      | Found Reaffauf's Antique Weapon Boutique.
  1466 | D:3      | Reached skill level 4 in Shapeshifting
  1466 | D:3      | Reached XP level 4. HP: 28/28 MP: 4/4
  1537 | D:3      | Found a hide-covered altar of Uskayaw.
  1622 | D:3      | Reached *** piety under Jiyva
  1677 | D:3      | Gained mutation: Your pliable body absorbs attacks. (AC +2,
                  | EV +2) [Jiyva's grace]
  1677 | D:3      | Gained mutation: Your gelatinous body deflects attacks. (AC
                  | +3, EV +3) [Jiyva's grace]
  1677 | D:3      | Gained mutation: You have supernaturally acute eyesight.
                  | (SInv) [Jiyva's grace]
  1677 | D:3      | Gained mutation: You have acidic saliva. [Jiyva's grace]
  2095 | D:4      | Reached XP level 5. HP: 32/33 MP: 5/5
  2127 | D:4      | Reached **** piety under Jiyva
  2135 | D:4      | Identified the +0 cloak "Vagascha" {rPois rCorr Str+3
                  | Slay-4}
  2142 | D:4      | Found a glowing drain.
  2156 | Sewer    | Entered a sewer
  2175 | Sewer    | Noticed a kobold brigand
  2187 | Sewer    | Killed a kobold brigand
  2188 | Sewer    | Reached skill level 5 in Shapeshifting
  2350 | Sewer    | Noticed a kobold brigand
  2359 | Sewer    | Reached XP level 6. HP: 38/38 MP: 6/6
  2362 | Sewer    | Reached skill level 6 in Shapeshifting
  2906 | D:4      | Reached ***** piety under Jiyva
  2954 | D:4      | Noticed Grinder
  2959 | D:4      | Paralysed by Grinder for 3 turns
  2961 | D:4      | Killed Grinder
  2962 | D:4      | Reached skill level 7 in Shapeshifting
  2962 | D:4      | Reached XP level 7. HP: 42/43 MP: 7/7
  3033 | D:5      | Entered Level 5 of the Dungeon
  3033 | D:5      | Found a staircase to the Ecumenical Temple.
  3065 | D:5      | Found a glowing silver altar of Zin.
  3076 | D:5      | Reached skill level 8 in Shapeshifting
  3082 | D:5      | Reached XP level 8. HP: 40/48 MP: 8/8
  3176 | D:5      | Lost mutation: Your gelatinous body deflects attacks. (AC
                  | +3, EV +3) [Jiyva's grace]
  3176 | D:5      | Gained mutation: You have a small jelly attached to you
                  | that may absorb projectiles. [Jiyva's grace]
  3176 | D:5      | Gained mutation: You expend magic power (3 MP) to
                  | strengthen your wands. [Jiyva's grace]
  3176 | D:5      | Gained mutation: You are strong-willed. (Will+) [Jiyva's
                  | grace]
  3176 | D:5      | Gained mutation: You are highly strong-willed. (Will++)
                  | [Jiyva's grace]
  3294 | D:5      | Reached skill level 9 in Shapeshifting
  3567 | D:6      | Noticed Maggie
  3580 | D:6      | Killed Maggie
  3581 | D:6      | Reached skill level 10 in Shapeshifting
  3581 | D:6      | Reached XP level 9. HP: 53/53 MP: 9/9
  3584 | D:6      | Noticed Blork the orc
  3592 | D:6      | Killed Blork the orc
  3593 | D:6      | Reached skill level 4 in Unarmed Combat
  3593 | D:6      | Found a snail-covered altar of Cheibriados.
  3593 | D:6      | Found a bloodstained altar of Trog.
  3593 | D:6      | Found a white marble altar of Elyvilon.
  3603 | D:6      | Found a radiant altar of Vehumet.
  3618 | D:6      | Reached skill level 2 in Fighting
  3806 | D:6      | Noticed Pikel
  3820 | D:6      | Killed Pikel
  3821 | D:6      | Reached skill level 4 in Fighting
  3821 | D:6      | Reached skill level 5 in Unarmed Combat
  4075 | D:6      | Reached ****** piety under Jiyva
  4116 | D:6      | Reached skill level 6 in Unarmed Combat
  4232 | D:7      | Reached skill level 5 in Fighting
  4371 | D:7      | Reached XP level 10. HP: 43/68 MP: 10/10
  4372 | D:7      | Reached skill level 7 in Unarmed Combat
  4412 | D:7      | Reached skill level 6 in Fighting
  4519 | D:7      | Lost mutation: You have supernaturally acute eyesight.
                  | (SInv) [Jiyva's grace]
  4519 | D:7      | Lost mutation: You are highly strong-willed. (Will++)
                  | [Jiyva's grace]
  4519 | D:7      | Lost mutation: Your pliable body absorbs attacks. (AC +2,
                  | EV +2) [Jiyva's grace]
  4519 | D:7      | Lost mutation: You have a small jelly attached to you that
                  | may absorb projectiles. [Jiyva's grace]
  4519 | D:7      | Lost mutation: You expend magic power (3 MP) to strengthen
                  | your wands. [Jiyva's grace]
  4519 | D:7      | Gained mutation: You are agile. (Dex +4, Str/Int -1)
                  | [Jiyva's grace]
  4519 | D:7      | Gained mutation: You are very agile. (Dex +8, Str/Int -2)
                  | [Jiyva's grace]
  4519 | D:7      | Gained mutation: Your mind is acute. (Int +4, Str/Dex -1)
                  | [Jiyva's grace]
  4519 | D:7      | Gained mutation: Your mind is very acute. (Int +8, Str/Dex
                  | -2) [Jiyva's grace]
  4599 | D:8      | Found Buitod's Magic Scroll Emporium.
  4656 | D:8      | Noticed a boulder beetle
  4664 | D:8      | Noticed a cyclops
  4664 | D:8      | Killed a boulder beetle
  4665 | D:8      | Reached skill level 7 in Fighting
  4665 | D:8      | Reached skill level 8 in Unarmed Combat
  4668 | D:8      | Killed a cyclops
  4999 | D:8      | Reached skill level 8 in Fighting
  5113 | D:8      | Bought a scroll of identify for 28 gold pieces
  5113 | D:8      | Bought a scroll of fear for 56 gold pieces
  5113 | D:8      | Bought a scroll of teleportation for 42 gold pieces
  5257 | D:8      | Reached skill level 9 in Unarmed Combat
  5886 | D:9      | Found a staircase to the Lair.
  5903 | D:9      | Reached XP level 11. HP: 55/78 MP: 11/11
  5933 | D:9      | Noticed Jeremiah
  5934 | D:9      | Reached skill level 3 in Dodging
  5961 | D:9      | Killed Jeremiah
  6120 | D:9      | Lost mutation: You are very agile. (Dex +8, Str/Int -2)
                  | [Jiyva's grace]
  6120 | D:9      | Lost mutation: Your mind is very acute. (Int +8, Str/Dex
                  | -2) [Jiyva's grace]
  6120 | D:9      | Lost mutation: Your mind is acute. (Int +4, Str/Dex -1)
                  | [Jiyva's grace]
  6120 | D:9      | Lost mutation: You have acidic saliva. [Jiyva's grace]
  6120 | D:9      | Gained mutation: You have acidic saliva. [Jiyva's grace]
  6120 | D:9      | Gained mutation: Your mind is acute. (Int +4, Str/Dex -1)
                  | [Jiyva's grace]
  6120 | D:9      | Gained mutation: Your mind is very acute. (Int +8, Str/Dex
                  | -2) [Jiyva's grace]
  6120 | D:9      | Gained mutation: You are resistant to electric shocks.
                  | (rElec) [Jiyva's grace]
  6252 | D:9      | Found a flagged portal.
  6263 | Bailey   | Entered a bailey
  6313 | Bailey   | Noticed an orc knight
  6331 | Bailey   | Reached skill level 9 in Fighting
  6340 | Bailey   | Killed an orc knight
  6355 | Bailey   | Noticed an orc knight
  6361 | Bailey   | Killed an orc knight
  6362 | Bailey   | Reached skill level 4 in Dodging
  6362 | Bailey   | Reached skill level 11 in Shapeshifting
  6416 | Bailey   | Identified the +1 pair of gloves of Isilim {*Corrode rElec
                  | rN+ Stlth+}
  6458 | Bailey   | Reached skill level 10 in Unarmed Combat
  6702 | D:10     | Entered Level 10 of the Dungeon
  6731 | D:10     | Noticed Nergalle
  6740 | D:10     | Killed Nergalle
  6852 | D:10     | Found an ancient bone altar of Kikubaaqudgha.
  6918 | D:10     | Noticed a two-headed ogre
  6937 | D:10     | Killed a two-headed ogre
  6938 | D:10     | Reached skill level 5 in Dodging
  6991 | D:10     | Noticed a cyclops
  6998 | D:10     | Killed a cyclops
  7146 | D:10     | Noticed a two-headed ogre
  7152 | D:10     | Killed a two-headed ogre
  7153 | D:10     | Reached XP level 12. HP: 87/87 MP: 9/12
  7284 | D:11     | Found Uthrol's Tremendous Tomes.
  7556 | D:11     | Noticed a boulder beetle
  7568 | D:11     | Killed a boulder beetle
  7569 | D:11     | Reached skill level 1 in Evocations
  7598 | D:11     | Noticed a two-headed ogre
  7599 | D:11     | Noticed Amaemon
  7623 | D:11     | Noticed Josephine
  7625 | D:11     | Killed a two-headed ogre
  7626 | D:11     | Reached skill level 10 in Fighting
  7631 | D:11     | Killed Amaemon
  7632 | D:11     | Reached skill level 2 in Evocations
  7649 | D:11     | Noticed a boulder beetle
  7740 | D:11     | Killed a boulder beetle
  7741 | D:11     | Reached skill level 6 in Dodging
  7814 | Gauntlet | Identified the "Kokk"
  7814 | Lair:1   | Entered Level 1 of the Lair of Beasts
  7853 | Lair:1   | Noticed Urug
  7861 | Lair:1   | Killed Urug
  7862 | Lair:1   | Reached skill level 11 in Unarmed Combat
  7862 | Lair:1   | Reached skill level 3 in Evocations
  7897 | Lair:1   | Noticed Prince Ribbit
  7900 | Lair:1   | Killed Prince Ribbit
  7983 | Lair:1   | Identified a scroll of acquirement
  7983 | Lair:1   | Acquired a ring of fire
  8056 | Lair:1   | Reached skill level 12 in Shapeshifting
  8058 | Lair:1   | Identified a potion of resistance
  8061 | Lair:1   | Reached skill level 7 in Dodging
  8127 | Lair:1   | Lost mutation: You are agile. (Dex +4, Str/Int -1) [Jiyva's
                  | grace]
  8127 | Lair:1   | Gained mutation: You are covered in slimy tendrils that may
                  | disarm your opponents. [Jiyva's grace]
  8127 | Lair:1   | Gained mutation: You are robust. (+10% HP) [Jiyva's grace]
  8127 | Lair:1   | Gained mutation: You are very robust. (+20% HP) [Jiyva's
                  | grace]
  8127 | Lair:1   | Gained mutation: You are extremely robust. (+30% HP)
                  | [Jiyva's grace]
  8169 | Lair:1   | Reached XP level 13. HP: 116/122 MP: 13/13
  8314 | Lair:1   | Reached skill level 11 in Fighting
  8371 | Lair:1   | Found a frozen archway.
  8380 | IceCv    | Entered an ice cave
  8451 | IceCv    | HP: 7/123 [polar bear simulacrum (7)]
  8547 | IceCv    | Slain by a three-headed hydra simulacrum

Vanquished Creatures
  3 two-headed ogres
  2 boulder beetles (D:11)
  Amaemon (D:11)
  Nergalle (D:10)
  Pikel (D:6)
  An orc knight (Bailey)
  An orange demon (D:11)
  Maggie (D:6)
  A torpor snail (Lair:1)
  Jeremiah (D:9)
  5 komodo dragons (Lair:1)
  A troll (D:9)
  A hornet (D:9)
  Prince Ribbit (Lair:1)
  8 blink frogs (Lair:1)
  20 yaks
  2 wraiths
  4 wyverns
  2 basilisks
  3 steam dragons
  A death yak simulacrum (IceCv)
  3 acid dragons
  5 water moccasins
  3 sky beasts
  9 orc warriors
  2 black bears
  An ogre (D:6)
  12 wolves
  7 centaurs
  2 phantoms (D:5)
  3 lemures (D:6)
  Blork the orc (D:6)
  8 kobold brigands
  8 bullfrogs
  A gnoll sergeant (D:6)
  2 scorpions
  A cane toad simulacrum (IceCv)
  An elephant simulacrum (IceCv)
  11 killer bees
  An electric eel (D:10)
  4 howler monkeys
  3 hounds
  4 orc priests
  A gnoll bouda (D:6)
  3 iguanas
  A sleepcap (D:6)
  8 orc wizards
  A troll simulacrum (IceCv)
  A spriggan simulacrum (IceCv)
  4 wolf simulacra (IceCv)
  2 polar bear simulacra (IceCv)
  15 gnolls
  A naga simulacrum (IceCv)
  2 adders
  3 river rats (Sewer)
  2 white imps
  2 ufetubi
  5 worms
  5 dart slugs (D:1)
  27 orcs
  10 ball pythons
  2 endoplasms (D:1)
  4 giant cockroaches
  10 goblins
  14 hobgoblins
  4 jackals
  35 kobolds
  6 quokkas
  5 bats
  A frilled lizard (D:1)
  9 rats
336 creatures vanquished.

Vanquished Creatures (collateral kills)
  A boulder beetle (D:8)
  Urug (Lair:1)
  An orc knight (Bailey)
  2 cyclopes
  A rime drake (Lair:1)
  A komodo dragon (Lair:1)
  Grinder (D:4)
  A blink frog (Lair:1)
  A wyvern (D:7)
  2 black bears
  2 ogres
  A centaur (D:8)
  A gnoll sergeant (D:5)
  An iguana (D:5)
  2 gnolls (D:5)
  A white imp (D:5)
  2 orcs (D:8)
22 creatures vanquished.

Vanquished Creatures (others)
  A guardian serpent (shapeshifter) (D:11)
  A rime drake (Lair:1)
  An acid dragon (D:9)
  A centaur (D:6)
  A kobold brigand (D:8)
  2 bullfrogs
  28 jellies
  An iguana (D:6)
  An orc wizard (D:8)
  An ufetubus (D:6)
  An endoplasm (D:4)
  16 orcs
  A hobgoblin (D:4)
  4 kobolds
  3 rats
63 creatures vanquished.

Grand Total: 421 creatures vanquished

Table legend: (Time is in decaauts)
 A = Elapsed time spent in this place.
 B = Non-inter-level travel time spent in this place.
 C = Inter-level travel time spent in this place.
 D = Time resting spent in this place.
 E = Time spent auto-exploring this place.
 F = Levels seen in this place.
 G = Mean time per level.
                   A        B        C        D        E       F      G
               +--------+--------+--------+--------+--------+-----+--------+
         Total |   8447 |   8065 |    382 |     99 |   5462 |  15 |  563.1 |
       Dungeon |   6960 |   6578 |    382 |      0 |   4989 |  11 |  632.7 |
          Lair |    550 |    550 |      0 |     38 |    281 |   1 |  550.0 |
         Sewer |    549 |    549 |      0 |      0 |     45 |   1 |  549.0 |
        Bailey |    227 |    227 |      0 |      0 |     89 |   1 |  227.0 |
      Ice Cave |    159 |    159 |      0 |     61 |     58 |   1 |  159.0 |
               +--------+--------+--------+--------+--------+-----+--------+

Top non-repeatable levels by time:
     D:8: 1247 daAuts
     D:1: 850 daAuts
     D:6: 641 daAuts
     D:9: 631 daAuts
     D:3: 607 daAuts
     D:2: 605 daAuts
  Lair:1: 550 daAuts
   Sewer: 549 daAuts
    D:10: 537 daAuts
    D:11: 526 daAuts
     D:5: 506 daAuts
     D:4: 406 daAuts
     D:7: 400 daAuts
  Bailey: 227 daAuts
   IceCv: 159 daAuts

Table legend:
 A = Non-vault XP
 B = Vault XP
 C = Vault XP percentage of total XP
 D = Non-vault monster count
 E = Vault monster count
 F = Vault count percentage of total count
                 A         B        C        D         E       F
            +---------+---------+-------+---------+---------+-------
      Total |   19112 |   16094 |  45.7 |     241 |     114 |  32.1
            +---------+---------+-------+---------+---------+-------
        D:1 |      63 |       0 |   0.0 |      30 |       0 |   0.0
        D:2 |      17 |       0 |   0.0 |       7 |       0 |   0.0
        D:3 |      80 |       0 |   0.0 |      16 |       0 |   0.0
        D:4 |      63 |     262 |  80.6 |      14 |       5 |  26.3
        D:5 |     835 |     144 |  14.7 |      17 |       2 |  10.5
        D:6 |     849 |    1138 |  57.3 |      29 |       3 |   9.4
        D:7 |    1427 |       0 |   0.0 |      31 |       0 |   0.0
        D:8 |    1048 |    2259 |  68.3 |      14 |      11 |  44.0
        D:9 |    1454 |    1976 |  57.6 |      19 |      16 |  45.7
       D:10 |    3862 |     946 |  19.7 |      22 |       2 |   8.3
       D:11 |    2768 |    1432 |  34.1 |       7 |       3 |  30.0
     Lair:1 |    6646 |    5017 |  43.0 |      35 |      18 |  34.0
      Sewer |       0 |     379 | 100.0 |       0 |      25 | 100.0
     Bailey |       0 |    1942 | 100.0 |       0 |      15 | 100.0
      IceCv |       0 |     599 | 100.0 |       0 |      14 | 100.0
            +---------+---------+-------+---------+---------+-------
